 Dungeon Crawl Stone Soup version 0.23.2-1-ga50397a6bc (webtiles) character file.

Game seed: 3344760461423386001

503 Cykl0x the Shield-Bearer (level 7, -9/54 HPs)
             Began as a Formicid Fighter on Apr 29, 2019.
             Mangled by an ogre
             ... wielding a +0 giant club
              (11 damage)
             ... on level 4 of the Dungeon.
             The game lasted 00:07:43 (2660 turns).

Cykl0x the Shield-Bearer (Formicid Fighter)         Turns: 2660, Time: 00:07:43

Health: -9/54      AC:  8    Str: 20    XL:     7   Next: 40%
Magic:  7/7        EV:  9    Int:  8    God:
Gold:   150        SH: 11    Dex: 10    Spells: 6/6 levels left

rFire    + . .     SeeInvis +   a - +0 war axe
rCold    . . .     Gourm    .   c - +1 shield
rNeg     . . .     Faith    .   r - +1 scale mail of the Desolation of Salt {rPois rF+ Str-2} (curse)
rPois    +         Spirit   .   (helmet unavailable)
rElec    .         Reflect  .   (no cloak)
rCorr    .         Harm     .   (no gloves)
MR       .....                  (no boots)
Stlth    ..........             (no amulet)
HPRegen  0.18/turn              (no ring)
MPRegen  0.10/turn              (no ring)

@: no status effects
A: permanent stasis, dig shafts and tunnels, four strong arms, antennae 3
a: Dig, Shaft Self


You were on level 4 of the Dungeon.
You were not hungry.

You visited 1 branch of the dungeon, and saw 4 of its levels.

You collected 150 gold pieces.

Inventory:

Hand Weapons
 a - a +0 war axe (weapon)
Armour
 c - a +1 shield (worn)
 i - a +0 scale mail of cold resistance
 r - the cursed +1 scale mail of the Desolation of Salt (worn) {rPois rF+ Str-2}
   (You found it on level 4 of the Dungeon)

   It affects your strength (-2).
   It protects you from fire.
   It protects you from poison.
   It has a curse placed upon it.
 s - a +2 pair of gloves
Jewellery
 b - a +3 ring of strength {unknown}
 p - an uncursed amulet of faith {unknown}
Scrolls
 m - 4 scrolls of identify
 n - a scroll of magic mapping
 o - a scroll of fear
Potions
 d - 2 potions of might
 e - 3 potions of heal wounds
 h - 2 potions of brilliance
 j - 3 potions of curing
 k - a potion of cancellation
 q - a potion of lignification
Comestibles
 f - 8 rations
 g - 5 chunks of flesh


   Skills:
 + Level 4.3 Fighting
 + Level 5.1 Axes
 + Level 1.0 Throwing
 + Level 4.4 Armour
 + Level 1.5 Dodging
 + Level 5.2 Shields


You had 6 spell levels left.
You didn't know any spells.
Your spell library was empty.

Dungeon Overview and Level Annotations

Branches:
Dungeon (4/15)
 Temple: D:4-7

Altars:
Okawaru

Annotations:
D:4 Edmund


Innate Abilities, Weirdness & Mutations

You cannot be hasted, slowed, berserked, paralysed or teleported.
You can dig through walls and to a lower floor.
Your four strong arms can wield two-handed weapons with a shield.
You have a pair of large antennae on your head. (SInv)


Message History

Press: ? - help, Shift-Dir - straight line, f - ogre
Aim: an ogre, wielding a +0 giant club You throw a javelin.
The javelin hits the ogre but does no damage.
Throwing (i - inventory)
l - a javelin (quivered)
Press: ? - help, Shift-Dir - straight line, f/p - ogre
Aim: an ogre, wielding a +0 giant club You throw a javelin.
The javelin hits the ogre but does no damage.
Edmund the Younger comes into view.
He is wielding a +2 flail of protection.
The ogre hits you with a +0 giant club!
* * * LOW HITPOINT WARNING * * *
Edmund shouts!
You slash the ogre!
The ogre is moderately wounded.
The ogre barely misses you.
You hit the ogre.
The ogre is heavily wounded.
The ogre hits you with a +0 giant club!
You die...

..#............##..
##..........###.##.. .
##...........#...#...
..##............#.......
$(...............#....
.@(....).....##.####..
#....<.....#### #...
#.O.........# ####
#.@........## #
#...#.)....#.######
#...###.)...........#
#... #)รท............
##..................#
....#...............#
##..................#
##.................#
.................#.#


You could see Edmund and an ogre.

Vanquished Creatures
  Duvessa (D:4)
  An ogre (D:4)
  Dowan (D:4)
  A howler monkey (D:4)
  3 orc priests
  An orc wizard (D:4)
  2 adders
  An ooze (D:1)
  An adder skeleton (D:4)
  2 worms (D:3)
  2 dart slugs
  5 leopard geckos
  6 orcs
  A ball python (D:3)
  4 bats
  4 giant cockroaches
  7 hobgoblins
  3 quokkas
  7 frilled lizards
  11 goblins
  12 kobolds
  11 rats
87 creatures vanquished.

Notes
Turn   | Place    | Note
-------+----------+-------------------------------------------
     0 | D:1      | Cykl0x the Formicid Fighter began the quest for the Orb.
     0 | D:1      | Reached XP level 1. HP: 18/18 MP: 1/1
   121 | D:1      | Reached XP level 2. HP: 22/24 MP: 2/2
   148 | D:1      | Found an iron altar of Okawaru.
   278 | D:1      | Reached XP level 3. HP: 18/29 MP: 3/3
  1016 | D:2      | Reached XP level 4. HP: 37/37 MP: 4/4
  1626 | D:3      | Found a faded altar of an unknown god.
  1926 | D:3      | Reached XP level 5. HP: 32/42 MP: 5/5
  2172 | D:3      | Reached skill level 1 in Dodging
  2301 | D:4      | Noticed Dowan
  2303 | D:4      | Noticed Duvessa
  2310 | D:4      | Noticed an ogre
  2315 | D:4      | Killed Dowan
  2315 | D:4      | Reached XP level 6. HP: 17/48 MP: 6/6
  2318 | D:4      | Killed Duvessa
  2319 | D:4      | Killed an ogre
  2319 | D:4      | Reached skill level 1 in Throwing
  2319 | D:4      | Reached skill level 5 in Shields
  2319 | D:4      | Reached XP level 7. HP: 15/54 MP: 7/7
  2334 | D:4      | Got a crude scale mail
  2345 | D:4      | Identified the cursed +1 scale mail of the Desolation of
                  | Salt {rPois rF+ Str-2} (You found it on level 4 of the
                  | Dungeon)
  2615 | D:4      | Reached skill level 5 in Axes
  2658 | D:4      | Noticed Edmund
  2658 | D:4      | HP: 2/54 [ogre/+0 giant club (16)]
  2660 | D:4      | Mangled by an ogre

Skill      XL: |  1  2  3  4  5  6  7 |
---------------+----------------------+-----
Shields        | 4 5 |  5.2
Axes           | 3 4 5 |  5.1
Dodging        | 1 |  1.5
Fighting       | 4 |  4.3
Armour         | 4 |  4.4
Throwing       | 1 |  1.0

Action                   |  1- 3 |  4- 6 |  7- 9 || total
-------------------------+-------+-------+-------++-------
Melee: War axe           |    96 |   111 |    25 ||   232
Throw: Javelin           |    18 |    23 |     6 ||    47
  Use: Scroll            |     9 |     6 |       ||    15
       Potion            |       |     2 |     1 ||     3
  Eat: Chunk             |     1 |     4 |     1 ||     6
Armor: Scale mail        |    38 |    36 |    17 ||    91
Dodge: Dodged            |    40 |    34 |    22 ||    96
Block: Shield            |    60 |    79 |    18 ||   157
